 Dungeon Crawl Stone Soup version 0.25.1-2-g60ff931df9 (webtiles) character file.

Game seed: 6077001580392894664

73367 Araneus the Blocker (level 15, -2/122 HPs)
             Began as a Demonspawn Fighter on Nov 3, 2020.
             Was the Champion of Qazlal.
             Killed from afar by a starcursed mass (5 damage)
             ... with an accursed screaming
             ... on level 2 of the Abyss on Nov 12, 2020.
             The game lasted 01:13:04 (20229 turns).

Araneus the Blocker (Demonspawn Fighter)           Turns: 20229, Time: 01:13:04

Health: -2/122     AC: 31    Str: 23    XL:     15   Next: 3%
Magic:  0/22       EV:  8    Int: 10    God:    Qazlal [******]
Gold:   2154       SH: 23    Dex: 17    Spells: 14/14 levels left

rFire    + . .     SeeInvis .   z - +4 demon whip (flame)
rCold    . . .     Gourm    .   c - +1 kite shield
rNeg     . . .     Faith    .   C - +6 plate armour {ponderous}
rPois    .         Spirit   +   (helmet restricted)
rElec    .         Reflect  .   v - +1 cloak
rCorr    .         Harm     .   (no gloves)
MR       +....                  d - +0 pair of boots
Stlth    ..........             s - amulet of guardian spirit
HPRegen  0.30/turn              I - ring of Koonkal {*Contam AC+4 Str+2 Dex+3 Slay+3}
MPRegen  0.18/turn              q - +4 ring of slaying

@: about to teleport, protected from physical damage, hasted, repel missiles,
very quick
A: horns 2, fire resistance 1, ignite blood, spiny 1, flame cloud immunity,
sturdy frame 2
a: Upheaval, Elemental Force, Disaster Area, Renounce Religion


You were on level 2 of the Abyss.
You worshipped Qazlal.
Qazlal was exalted by your worship.
You were not hungry.

You visited 5 branches of the dungeon, and saw 21 of its levels.
You visited the Abyss 1 time.

You collected 3693 gold pieces.
You spent 1539 gold pieces at shops.

Inventory:

Hand Weapons
 z - a +4 demon whip of flaming (weapon)
Armour
 c - a +1 kite shield (worn)
 d - a +0 pair of boots (worn)
 g - +0 fire dragon scales
 v - a +1 cloak (worn)
 C - a +6 plate armour of ponderousness (worn)
Jewellery
 m - a +4 ring of evasion
 n - an uncursed ring of protection from magic
 q - a +4 ring of slaying (right hand)
 s - an amulet of guardian spirit (around neck)
 A - a +6 ring of dexterity
 F - a +6 ring of dexterity
 I - the ring of Koonkal (left hand) {*Contam AC+4 Str+2 Dex+3 Slay+3}
   (You bought it in a shop on level 10 of the Dungeon)

   [ring of protection]

   It affects your AC (+4).
   It affects your strength (+2).
   It affects your dexterity (+3).
   It affects your accuracy and damage with ranged weapons and melee attacks
   (+3).
   It causes magical contamination when unequipped.
Wands
 e - a wand of acid (11)
Scrolls
 i - 11 scrolls of teleportation
 j - 8 scrolls of remove curse
 o - 3 scrolls of fog
 t - 4 scrolls of fear
 x - a scroll of magic mapping
 D - 5 scrolls of identify
Potions
 h - a potion of curing
 r - 2 potions of stabbing
 E - a potion of ambrosia
Comestibles
 f - 26 rations


   Skills:
 + Level 12.8 Fighting
 - Level 12.0 Maces & Flails
 + Level 10.6 Armour
 + Level 13.9 Shields
 - Level 10.0 Invocations


You had 14 spell levels left.
You didn't know any spells.
Your spell library contained the following spells:

 Spells                   Type           Power        Failure   Level  Hunger
 Animate Skeleton         Necr           N/A          88%         1    ##.....
 Apportation              Tloc           #.....       88%         1    ##.....
 Corona                   Hex            #......      88%         1    ##.....
 Infusion                 Chrm           #...         88%         1    ##.....
 Summon Butterflies       Summ           #.......     88%         1    ##.....
 Summon Small Mammal      Summ           #...         88%         1    ##.....
 Call Imp                 Summ           #.......     96%         2    ###....
 Ensorcelled Hibernation  Hex/Ice        #.....       96%         2    ###....
 Poisonous Vapours        Pois/Air       #.....       96%         2    ###....
 Shroud of Golubria       Chrm/Tloc      #.....       96%         2    ###....
 Song of Slaying          Chrm           #.......     96%         2    ###....
 Conjure Flame            Conj/Fire      #.......     99%         3    ####...
 Ignite Poison            Fire/Tmut/Pois #.......     99%         3    ####...
 Mephitic Cloud           Conj/Pois/Air  #.......     99%         3    ####...
 Ozocubu's Armour         Chrm/Ice       #.......     99%         3    ####...
 Spectral Weapon          Hex/Chrm       #.......     99%         3    ####...
 Static Discharge         Conj/Air       #.......     99%         3    ####...
 Vampiric Draining        Necr           #.........   99%         3    ####...
 Aura of Abjuration       Summ           #.........   100%        5    ######.
 Bolt of Magma            Conj/Fire/Erth #.........   100%        5    ######.
 Borgnjor's Vile Clutch   Necr/Erth      #.........   100%        5    ######.
 Fireball                 Conj/Fire      #.........   100%        5    ######.
 Iskenderun's Battlesphe  Conj/Chrm      #.......     100%        5    ######.
 Lightning Bolt           Conj/Air       #.........   100%        5    ######.
 Silence                  Hex/Air        #.........   100%        5    ######.
 Darkness                 Hex            #.........   100%        6    #######
 Freezing Cloud           Conj/Ice/Air   #.........   100%        6    #######
 Iron Shot                Conj/Erth      #.........   100%        6    #######
 Shadow Creatures         Summ           N/A          100%        6    #######
 Starburst                Conj/Fire      #.........   100%        6    #######
 Orb of Destruction       Conj           #.........   100%        7    #######
 Ring of Flames           Chrm/Fire      #.........   100%        7    #######
 Spellforged Servitor     Conj/Summ      #.........   100%        7    #######
 Ignition                 Fire           #.........   100%        8    #######
 Shatter                  Erth           #.........   100%        9    #######
 Tornado                  Air            #.........   100%        9    #######


Dungeon Overview and Level Annotations

Branches:
Dungeon (11/15)            Temple (1/1) D:5            Lair (6/6) D:9
 Shoals (1/4) Lair:4       Spider (0/4) Lair:4        Slime (0/5) Lair:5
    Orc (2/2) D:10            Elf (0/3) Orc:2

Altars:
Ashenzari
Cheibriados
Dithmenos
Elyvilon
Fedhas
Gozag
Hepliaklqana
Kikubaaqudgha
Makhleb
Nemelex Xobeh
Okawaru
Qazlal
Ru
Sif Muna
Trog
Uskayaw
Vehumet
Wu Jian
Xom
Yredelemnul
Zin
The Shining One
Beogh
Jiyva

Shops:
D:5 !(   D:6 ?   D:10 =   Orc:2 :[*?

Portals:
Pandemonium: Orc:2

Annotations:
Shoals:1 1 transporter, Exodus22XD's ghost, journeyman DsGl; Josephine; Louise


Innate Abilities, Weirdness & Mutations

You have a pair of horns on your head.
Your flesh is heat resistant. (rF+)
Your demonic aura causes spilled blood to erupt in flames.
You are partially covered in sharp spines.
You are immune to clouds of flame.
Your movements are less encumbered by armour. (ER -4)


Message History

The starcursed mass shudders and is absorbed by its neighbour.
You thrash the starcursed mass!! You burn the starcursed mass.
You destroy the starcursed mass!
Qazlal accepts your kill.
You whack the starcursed mass! You burn the starcursed mass.
The starcursed mass is heavily damaged.
The starcursed mass shudders and is absorbed by its neighbour.
The starcursed mass shrieks in your mind.
* * * LOW HITPOINT WARNING * * *
You thrash the starcursed mass!! You burn the starcursed mass.
You headbutt the starcursed mass!
The starcursed mass is almost destroyed.
The starcursed mass shudders and is absorbed by its neighbour.
As you read the scroll of teleportation, it crumbles to dust.
You feel strangely unstable.
You feel the power of the Abyss delaying your translocation!
Your protection from physical attacks is fading.
You hear a shout!
The starcursed mass shrieks in your mind.
You die...

.#
#.##≈≈#≈..#....
.. ##.≈
>≈........
..≈#.#.L..
..#._..
#.....#.##.#..#
.##...#.(..# #
#.#X§°§..#
###...# #
#...###.#
#..#@# .
#..#.#.☼.# .
#.#..#.#......
#. ..#.. #....#
. ...#.. .##.#
.. ##. ## # #.#
##


You could see a starcursed mass.

Vanquished Creatures
  A fire dragon (Lair:6)
  A merfolk impaler (Shoals:1)
  2 hydras
  Fannar (Lair:3)
  3 centaur warriors
  3 two-headed ogres
  6 death yaks (Lair:4)
  4 hell hogs (Abyss:2)
  Urug (Lair:5)
  5 orc high priests (Orc:2)
  A thrashing horror (Abyss:2)
  A sixfirhy (Orc:2)
  3 sea snakes (Shoals:1)
  A gelid demonspawn (Orc:2)
  An infernal demonspawn (Orc:2)
  An unseen horror (D:10)
  Pikel (D:4)
  6 orc knights
  A lindwurm (Lair:6)
  7 orc sorcerers (Orc:2)
  A faun (Shoals:1)
  A cyclops (D:11)
  A manticore (Lair:3)
  9 elephants (Lair:6)
  7 black mambas
  2 molten gargoyles (Lair:6)
  4 torpor snails
  13 spiny frogs
  8 komodo dragons
  An ice devil (Orc:2)
  A red devil (Orc:2)
  A merfolk (Shoals:1)
  2 polar bears
  3 trolls (Orc:2)
  A hornet (D:10)
  14 blink frogs
  9 dream sheep
  12 hippogriffs
  A spriggan (D:8)
  A shadow (D:10)
  4 wraiths (Shoals:1)
  37 yaks
  A vampire (D:10)
  4 wyverns
  5 basilisks
  A tarantella (Lair:4)
  Grum (D:10)
  A chaos spawn (Orc:2)
  A hungry ghost (D:10)
  Eustachio (D:6)
  A steam dragon (Lair:6)
  7 water moccasins
  3 hell hounds (Lair:6)
  17 porcupines
  A black bear (D:9)
  37 orc warriors
  A phantom (D:8)
  A sky beast (D:9)
  4 starcursed masses (Abyss:2)
  5 ice beasts
  5 ogres
  A slave (D:4)
  18 wolves
  3 centaurs
  10 crocodiles
  A big kobold (D:11)
  10 bullfrogs
  3 scorpions
  14 killer bees
  9 wights
  An electric eel (Lair:2)
  4 howler monkeys
  5 lava snakes (Lair:6)
  6 crimson imps
  11 hounds
  19 orc wizards
  A quasit (D:9)
  A small abomination (Abyss:2)
  A bullfrog skeleton (D:11)
  29 orc priests
  5 centaur skeletons
  An iron imp (Abyss:2)
  Jessica (D:2)
  3 iguanas
  6 worker ants
  A howler monkey zombie (D:5)
  Robin (D:4)
  7 gnolls
  11 adders
  3 shadow imps
  An ufetubus (Abyss:2)
  5 oozes
  An adder zombie (D:8)
  An adder skeleton (D:8)
  2 worms (D:2)
  2 dart slugs
  10 leopard geckos
  75 orcs
  8 giant cockroaches
  23 goblins
  10 hobgoblins
  3 jackals (D:4)
  4 quokkas
  2 ball pythons
  12 bats
  5 frilled lizards
  16 kobolds
  7 rats
  A butterfly (Lair:1)
  3 fungi
  A plant (Lair:6)
658 creatures vanquished.

Vanquished Creatures (others)
  A centaur zombie (D:8)
  An adder (D:5)
  A kobold (D:11)
  9 fungi
  7 plants
  5 toadstools (D:1)
24 creatures vanquished.

Grand Total: 682 creatures vanquished

Notes
Turn   | Place    | Note
-------+----------+-------------------------------------------
     0 | D:1      | Araneus the Demonspawn Fighter began the quest for the Orb.
     0 | D:1      | Reached XP level 1. HP: 18/18 MP: 1/1
   419 | D:1      | Gained mutation: You have a pair of small horns on your
                  | head. [demonic ancestry]
   419 | D:1      | Reached XP level 2. HP: 20/24 MP: 2/2
   856 | D:1      | Gained mutation: Your flesh is heat resistant. (rF+)
                  | [demonic ancestry]
   856 | D:1      | Reached XP level 3. HP: 29/29 MP: 3/3
  1827 | D:2      | Noticed Jessica
  1835 | D:2      | Killed Jessica
  1835 | D:2      | Gained mutation: Your movements are slightly less
                  | encumbered by armour. (ER -2) [demonic ancestry]
  1835 | D:2      | Reached XP level 4. HP: 31/35 MP: 4/4
  2435 | D:3      | Gained mutation: You are immune to clouds of flame.
                  | [demonic ancestry]
  2435 | D:3      | Reached XP level 5. HP: 11/41 MP: 5/5
  2446 | D:3      | Reached skill level 5 in Maces & Flails
  3961 | D:4      | Reached XP level 6. HP: 41/47 MP: 6/6
  4360 | D:4      | Found a white marble altar of Elyvilon.
  4458 | D:4      | Found a hazy altar of Hepliaklqana.
  4469 | D:4      | Found an ornate altar of the Wu Jian Council.
  4652 | D:4      | Noticed Robin
  4684 | D:4      | Killed Robin
  5292 | D:5      | Entered Level 5 of the Dungeon
  5356 | D:5      | Noticed a slave
  5356 | D:5      | Noticed a slave
  5357 | D:5      | Noticed Pikel
  5393 | D:4      | Killed a slave
  5432 | D:5      | Found Tuemina's Antique Weapon Emporium.
  5451 | D:5      | Bought a glowing demon whip for 306 gold pieces
  5515 | D:5      | Noticed an ice beast
  5522 | D:4      | Killed an ice beast
  5522 | D:4      | Reached XP level 7. HP: 40/52 MP: 7/7
  5537 | D:4      | Killed Pikel
  5537 | D:4      | Reached XP level 8. HP: 42/58 MP: 8/8
  5658 | D:5      | Found a staircase to the Ecumenical Temple.
  5736 | Temple   | Entered the Ecumenical Temple
  5844 | Temple   | Became a worshipper of Qazlal Stormbringer
  6037 | D:5      | Found Pac Deef's Distillery.
  6043 | D:5      | Found a shimmering altar of Xom.
  6348 | D:6      | Found Oregg's Magic Scroll Shop.
  6452 | D:6      | Noticed Eustachio
  6469 | D:6      | Killed Eustachio
  6469 | D:6      | Reached skill level 10 in Maces & Flails
  6659 | D:7      | Noticed a hippogriff
  6998 | D:6      | Killed a hippogriff
  6998 | D:6      | Reached XP level 9. HP: 63/63 MP: 9/9
  7207 | D:7      | Found a hide-covered altar of Uskayaw.
  7659 | D:8      | Reached skill level 3 in Shields
  7683 | D:8      | Reached * piety under Qazlal
  8213 | D:8      | Found a stormy altar of Qazlal.
  8269 | D:8      | Reached skill level 4 in Shields
  9019 | D:8      | Identified the Handbook of Evil and Creation
  9172 | D:9      | Reached XP level 10. HP: 73/73 MP: 10/10
  9308 | D:9      | Reached skill level 5 in Shields
  9345 | D:9      | Noticed a two-headed ogre
  9356 | D:9      | Killed a two-headed ogre
  9356 | D:9      | Reached ** piety under Qazlal
  9356 | D:9      | Reached skill level 5 in Fighting
  9728 | D:9      | Noticed a two-headed ogre
  9735 | D:9      | Killed a two-headed ogre
  9735 | D:9      | Reached skill level 6 in Shields
  9859 | D:9      | Reached skill level 5 in Armour
 10054 | D:9      | Found a staircase to the Lair.
 10066 | Lair:1   | Entered Level 1 of the Lair of Beasts
 10079 | Lair:1   | Noticed a spiny frog
 10093 | Lair:1   | Killed a spiny frog
 10184 | Lair:1   | Reached skill level 7 in Shields
 10185 | Lair:1   | Noticed a spiny frog
 10193 | Lair:1   | Killed a spiny frog
 10193 | Lair:1   | Gained mutation: Your demonic aura causes spilled blood to
                  | erupt in flames. [demonic ancestry]
 10193 | Lair:1   | Reached XP level 11. HP: 84/84 MP: 11/11
 10816 | Lair:1   | Reached skill level 8 in Shields
 10824 | Lair:1   | Reached *** piety under Qazlal
 11517 | Lair:2   | Reached skill level 9 in Shields
 12073 | Lair:3   | Reached skill level 1 in Invocations
 12138 | Lair:3   | Noticed Fannar
 12146 | Lair:3   | Killed Fannar
 12146 | Lair:3   | Gained mutation: You are partially covered in sharp spines.
                  | [demonic ancestry]
 12146 | Lair:3   | Reached XP level 12. HP: 55/94 MP: 13/13
 12564 | Lair:3   | Reached **** piety under Qazlal
 12774 | Lair:3   | Found a runed translucent door.
 12782 | Lair:3   | Noticed an eight-headed hydra
 12795 | Lair:3   | Killed an eight-headed hydra
 13460 | Lair:4   | Found a staircase to the Shoals.
 13466 | Lair:3   | Reached skill level 10 in Shields
 13468 | Lair:4   | Noticed a five-headed hydra
 13476 | Lair:4   | Killed a five-headed hydra
 13581 | Lair:4   | Noticed a death yak
 13583 | Lair:4   | Noticed a death yak
 13583 | Lair:4   | Noticed a death yak
 13583 | Lair:4   | Noticed a death yak
 13586 | Lair:4   | Noticed a death yak
 13593 | Lair:4   | Killed a death yak
 13593 | Lair:4   | Reached skill level 5 in Invocations
 13593 | Lair:4   | Noticed a death yak
 13596 | Lair:4   | Killed a death yak
 13603 | Lair:4   | Killed a death yak
 13604 | Lair:4   | Killed a death yak
 13613 | Lair:4   | Killed a death yak
 13613 | Lair:4   | Reached skill level 10 in Fighting
 13617 | Lair:4   | Killed a death yak
 14047 | Lair:4   | Reached XP level 13. HP: 103/103 MP: 17/17
 14082 | Lair:4   | Found a hole to the Spider Nest.
 14341 | Lair:5   | Reached skill level 11 in Shields
 14426 | Lair:5   | Noticed Urug
 14438 | Lair:5   | Killed Urug
 14496 | Lair:5   | Reached ***** piety under Qazlal
 14672 | Lair:5   | Found a staircase to the Slime Pits.
 14672 | Lair:5   | Found a viscous altar of Jiyva.
 14801 | Lair:5   | Found a snail-covered altar of Cheibriados.
 15129 | Lair:6   | Entered Level 6 of the Lair of Beasts
 15794 | Lair:6   | Reached skill level 12 in Shields
 16291 | Lair:6   | Noticed a fire dragon
 16315 | Lair:6   | Found a large runed translucent door.
 16316 | Lair:6   | Found a large runed translucent door.
 16350 | Lair:6   | Killed a fire dragon
 16632 | D:10     | Entered Level 10 of the Dungeon
 16650 | D:10     | Found a staircase to the Orcish Mines.
 16674 | D:10     | Found a roughly hewn altar of Beogh.
 16752 | D:10     | Gained mutation: Your movements are less encumbered by
                  | armour. (ER -4) [demonic ancestry]
 16752 | D:10     | Reached XP level 14. HP: 104/114 MP: 17/20
 16898 | D:10     | Reached ****** piety under Qazlal
 17107 | D:10     | Noticed Grum
 17113 | D:10     | Killed Grum
 17429 | D:10     | Found Itiy's Jewellery Emporium.
 17663 | D:10     | Bought the ring of Koonkal {*Contam AC+4 Str+2 Dex+3
                  | Slay+3} for 968 gold pieces
 17684 | Orc:1    | Entered Level 1 of the Orcish Mines
 17808 | Orc:2    | Entered Level 2 of the Orcish Mines
 17836 | Orc:2    | Identified a scroll of acquirement
 18461 | Orc:1    | Found a roughly hewn altar of Beogh.
 18564 | Orc:2    | Found Abixyisi's General Store.
 18574 | Orc:2    | Reached skill level 10 in Armour
 18583 | Orc:2    | Found Qiduha's Magic Scroll Boutique.
 18621 | Orc:2    | Reached skill level 13 in Shields
 18740 | Orc:2    | Bought a potion of heal wounds for 85 gold pieces
 18744 | Orc:2    | Acquired 1890 gold pieces
 19088 | Orc:2    | Found a staircase to the Elven Halls.
 19223 | Orc:2    | Paralysed by an orc sorcerer for 6 turns
 19246 | Orc:2    | Found Tennoso's Antique Armour Shoppe.
 19246 | Orc:2    | Found a one-way gate leading to the halls of Pandemonium.
 19246 | Orc:2    | Found Panebod's Book Emporium.
 19261 | Orc:2    | Bought a pair of glowing boots for 180 gold pieces
 20062 | Shoals:1 | Entered Level 1 of the Shoals
 20064 | Shoals:1 | Identified the +6 trident "Igyloq" {freeze, Int+3}
 20064 | Shoals:1 | Noticed Exodus22XD's ghost (journeyman DsGl)
 20074 | Shoals:1 | Noticed Louise
 20085 | Shoals:1 | Noticed Josephine
 20099 | Shoals:1 | Found a transporter.
 20104 | Shoals:1 | Reached skill level 10 in Invocations
 20114 | Shoals:1 | Cast into level 2 of the Abyss (Louise)
 20117 | Abyss:2  | Found a corrupted altar of Lugonu.
 20183 | Abyss:2  | Noticed a starcursed mass
 20206 | Abyss:2  | HP: 4/116 [starcursed mass/accursed screaming (12)]
 20209 | Abyss:2  | Gained mutation: You have a pair of horns on your head.
                  | [demonic ancestry]
 20209 | Abyss:2  | Reached XP level 15. HP: 10/122 MP: 1/22
 20212 | Abyss:2  | HP: 3/122 [starcursed mass/accursed screaming (7)]
 20218 | Abyss:2  | Noticed a lich
 20221 | Abyss:2  | HP: 6/122 [starcursed mass/accursed screaming (4)]
 20223 | Abyss:2  | HP: 2/122 [starcursed mass/accursed screaming (4)]
 20229 | Abyss:2  | Killed from afar by a starcursed mass

Illustrated notes

Levels and vault maps discovered:
D:1:      ldierk_walled_garden, layout_loops_cross
D:2:      layout_loops_ring, chequers_garden, grunt_decor_clamped, uniq_jessica
D:3:      layout_rooms, serial_co_window_serial, co_window_of_opportunity_a,
          co_window_corner_a, co_window_cross_1, co_window_corner_a,
          co_window_of_opportunity_a, co_window_paths_a,
          co_window_unsneaky_path_c, co_window_unsneaky_path_e,
          co_window_of_opportunity_c, co_window_of_opportunity_b,
          co_window_cross_2, co_window_corner_b, nrook_campfire
D:4:      kennysheep_goblin_castle, layout_loops_ring,
          minmay_overflow_temple_star_quad, first_ration,
          chequers_serial_rivers_room_a
D:5:      layout_rooms, xom_teletrap_fun, minmay_temple_entry_crystal_x,
          serial_shops, shop, nicolae_shop_temple_entry_statues_fountains,
          uniq_pikel
D:6:      layout_rooms, serial_shops, shop_fountains, minmay_microvault,
          uniq_eustachio
D:7:      layout_basic, basic_altar
D:8:      minmay_tri_box, layout_basic, grunt_pizzeria, grunt_decor_cap,
          grunt_qazlal_clouds
D:9:      layout_irregular_city, grunt_lair_entry_orc_guard_hut
D:10:     layout_grid_maze, minmay_orc_entry_temple_small, serial_shops,
          kennysheep_mini_moat, uniq_grum
D:11:     layout_big_octagon
Temple:   dpeg_five_rooms_temple
Lair:1:   layout_small_grid, serial_bayou_pond_c, beast_lair_carwin_8,
          lemuel_fruit_tree, lemuel_fruit_fields
Lair:2:   layout_hall_layers, serial_bayou_shore_a, grunt_megastairs_1
Lair:3:   layout_layer_cave, pf_torpor_hydra, uniq_fannar
Lair:4:   layout_misc_corridors, minmay_shoals_entry_beasts,
          spider_nest_entry_rubble
Lair:5:   layout_long_grid, slime_altar_1, kennysheep_snail_temple,
          infiniplex_staircase_pool_2, uniq_urug
Lair:6:   cheibrodos_lair_end_hotspot, layout_gridlike
Shoals:1: layout_shoals, gammafunk_ghost_wrathful_warriors, uniq_josephine,
          uniq_louise
Orc:1:    layout_caves, basic_altar
Orc:2:    pf_orc_diabolical, layout_diamond_mine
Abyss:2:  base: D:12, grunt_abyss_exit_deep_breaths

Skill      XL: |  1  2  3  4  5  6  7  8  9 10 11 12 13 14 |
---------------+-------------------------------------------+-----
Maces & Flails | 2 3 4 5 7 8 10 11 12 | 12.0
Shields        | 4 7 9 10 12 13 | 13.9
Armour         | 4 5 7 8 9 10 | 10.6
Fighting       | 4 7 8 10 11 12 | 12.8
Invocations    | 2 6 8 10 | 10.0

Action                   |  1- 3 |  4- 6 |  7- 9 | 10-12 | 13-15 || total
-------------------------+-------+-------+-------+-------+-------++-------
Melee: Flail             |   169 |   254 |       |       |       ||   423
       Headbutt          |    15 |    35 |    39 |   113 |   186 ||   388
       Demon whip        |       |     4 |   255 |   428 |   636 ||  1323
  Use: Scroll            |       |     9 |     8 |     4 |     8 ||    29
       Potion            |       |     1 |     2 |       |    26 ||    29
 Stab: Sleeping          |       |       |       |       |     6 ||     6
       Invisible         |       |       |       |       |     5 ||     5
       Fleeing           |       |       |       |       |     1 ||     1
  Eat: Chunk             |     3 |    12 |    11 |    17 |    17 ||    60
       Ration            |       |       |       |       |     1 ||     1
Armor: Scale mail        |    85 |    95 |     4 |       |       ||   184
       Plate armour      |       |       |    63 |   105 |   142 ||   310
Dodge: Dodged            |    47 |    83 |    23 |    34 |    55 ||   242
       Repelled          |       |       |       |       |    14 ||    14
Block: Kite shield       |    77 |   131 |   153 |   246 |   452 ||  1059
       Reflection        |       |     1 |       |     3 |       ||     4
